 Dungeon Crawl Stone Soup version 0.30-a0-965-g42e074c17a (webtiles) character file.

Game seed: 2912180979996198906

105585 jimonade the Messiah (level 16, -24/147 HPs)
             Began as a Hill Orc Fighter on Mar 30, 2023.
             Was the Champion of Beogh.
             Killed from afar by a golden dragon (31 damage)
             ... with a bolt of cold
             ... on level 3 of the Depths on Mar 31, 2023.
             The game lasted 01:40:20 (31688 turns).

jimonade the Messiah (Hill Orc Fighter)            Turns: 31688, Time: 01:40:21

Health: -24/147    AC: 33    Str: 25    XL:     16   Next: 41%
Magic:  28/28      EV: 11    Int: 13    God:    Beogh [******]
Gold:   2726       SH: 16    Dex: 12    Spells: 15/15 levels left

rFire   . . .      SeeInvis .    a - +7 spear (vamp)
rCold   . . .      Faith    .    J - +0 kite shield
rNeg    . . .      Spirit   .    X - +1 crystal plate armour
rPois   +          Reflect  +    w - +0 helmet
rElec   +          Rampage  .    Z - +1 cloak of Xasutainu {rElec rPois Int+3 Dex+2}
rCorr   .                        y - +0 pair of gloves
Will    +++..                    o - +3 pair of boots of Truth {rElec Will+} Stlth
                                 B - amulet of reflection
HPRegen 0.44/turn                M - ring of willpower
MPRegen 0.21/turn                R - +5 ring of evasion

@: studying 2 skills
A: walk on water
a: Renounce Religion, Smiting, Recall Orcish Followers, Give Item to Named
Follower, Resurrection


You were on level 3 of the Depths.
You worshipped Beogh.
Beogh was exalted by your worship.
You visited 4 branches of the dungeon, and saw 25 of its levels.
You also visited: Bailey and Gauntlet.

You collected 2726 gold pieces.

Inventory:

Hand Weapons
 a - a +7 vampiric spear (weapon)
 d - a +2 vampiric halberd
 T - a +1 arbalest of flaming
Missiles
 K - 3 throwing nets (quivered)
Armour
 o - the +3 pair of boots of Truth (worn) {rElec Will+}
   (You found it on level 3 of the Dungeon)

   rElec:     It insulates you from electricity.
   Will:      It increases your willpower.
 w - a +0 helmet (worn)
 y - a +0 pair of gloves (worn)
 J - a +0 kite shield (worn)
 X - a +1 crystal plate armour (worn)
 Z - the +1 cloak of Xasutainu (worn) {rElec rPois Int+3 Dex+2}
   (You found it in a bailey)

   Int:       It affects your intelligence (+3).
   Dex:       It affects your dexterity (+2).
   rElec:     It insulates you from electricity.
   rPois:     It protects you from poison.
Jewellery
 b - a ring of protection from fire
 i - an amulet of regeneration
 l - the ring of Gozag's Favour {rC+ Str+2 Dex+4}
   (You found it on level 3 of the Depths)

   [ring of protection from cold]

   Str:       It affects your strength (+2).
   Dex:       It affects your dexterity (+4).
   rC:        It protects you from cold.
 m - an amulet of the acrobat
 v - a ring of see invisible
 B - an amulet of reflection (around neck)
 F - a ring of willpower
 I - a ring of resist corrosion
 M - a ring of willpower (left hand)
 R - a +5 ring of evasion (right hand)
Wands
 D - a wand of roots (17)
 G - a wand of polymorph (26)
 S - a wand of paralysis (8)
Scrolls
 c - a scroll of fear
 f - 2 scrolls of silence
 j - 3 scrolls of brand weapon
 k - 5 scrolls of poison
 p - 3 scrolls of vulnerability
 q - 2 scrolls of summoning
 u - 8 scrolls of magic mapping
 x - 9 scrolls of teleportation
 H - 4 scrolls of enchant armour
 N - 3 scrolls of blinking
 P - 2 scrolls of enchant weapon
 Q - 2 scrolls of fog
 W - 11 scrolls of identify
Potions
 e - 19 potions of curing
 h - 10 potions of ambrosia
 n - 4 potions of brilliance
 r - 3 potions of invisibility
 t - 8 potions of heal wounds
 z - 4 potions of resistance
 A - 2 potions of might
 C - 2 potions of cancellation
 O - 2 potions of haste
 U - 2 potions of berserk rage
 V - 4 potions of magic
 Y - 6 potions of flight
Miscellaneous
 s - a box of beasts
 E - a lightning rod (4/4)
 L - a phial of floods


   Skills:
 + Level 14.4 Fighting
 + Level 6.1(13.2) Axes
 + Level 3.0(4.5) Maces & Flails
 + Level 14.9(15.3) Polearms
 + Level 1.0 Throwing
 + Level 13.4 Armour
 + Level 6.5 Dodging
 + Level 4.9 Stealth
 + Level 11.2 Shields
 * Level 17.2 Invocations
 * Level 1.5 Evocations


You had 15 spell levels left.
You didn't know any spells.
Your spell library contained the following spells:

 Spells                   Type           Power      Damage    Failure   Level
 Shock                    Conj/Air       0%         1d3       100%        1
 Sting                    Tmut/Pois      0%         1d3       100%        1
 Blink                    Tloc           0%         N/A       100%        2
 Poisonous Vapours        Pois/Air       0%         N/A       100%        2
 Sublimation of Blood     Necr           0%         N/A       100%        2
 Wereblood                Tmut           0%         N/A       100%        2
 Call Canine Familiar     Summ           0%         N/A       100%        3
 Frozen Ramparts          Ice            0%         1d1       100%        3
 Gell's Gravitas          Tloc           0%         N/A       100%        3
 Kindle Blastsparks       Fire/Tloc/Air  0%         2d10      100%        3
 Portal Projectile        Hex/Tloc       0%         N/A       100%        3
 Swiftness                Air            0%         N/A       100%        3
 Teleport Other           Tloc           0%         N/A       100%        3
 Tukima's Dance           Hex            0%         N/A       100%        3
 Airstrike                Air            0%         2d(0-16)  100%        4
 Animate Dead             Necr           0%         N/A       100%        4
 Fulminant Prism          Conj/Hex       0%         3d5       100%        4
 Ice Form                 Ice/Tmut       0%         N/A       100%        4
 Iskenderun's Mystic Bla  Conj/Tloc      0%         2d3       100%        4
 Leda's Liquefaction      Hex/Erth       0%         N/A       100%        4
 Manifold Assault         Tloc           0%         N/A       100%        4
 Olgreb's Toxic Radiance  Pois           0%         N/A       100%        4
 Summon Ice Beast         Ice/Summ       0%         N/A       100%        4
 Blade Hands              Tmut           0%         N/A       100%        5
 Fireball                 Conj/Fire      0%         3d3       100%        5
 Freezing Cloud           Conj/Ice/Air   0%         6-21      100%        5
 Iskenderun's Battlesphe  Conj           0%         2d6       100%        5
 Lee's Rapid Deconstruct  Erth           0%         3d4*      100%        5
 Summon Forest            Summ/Tloc      0%         N/A       100%        5
 Summon Mana Viper        Hex/Summ       0%         N/A       100%        5
 Conjure Ball Lightning   Conj/Air       0%         3x3d6     100%        6
 Dispersal                Tloc           0%         N/A       100%        6
 Simulacrum               Ice/Necr       0%         N/A       100%        6
 Summon Cactus Giant      Summ           0%         N/A       100%        6
 Orb of Destruction       Conj           0%         9d5       100%        7
 Ozocubu's Refrigeration  Ice            0%         4d7       100%        7
 Storm Form               Tmut/Air       0%         N/A       100%        7
 Summon Hydra             Summ           0%         N/A       100%        7
 Ignition                 Fire           0%         3d3       100%        8
 Polar Vortex             Ice            0%         N/A       100%        9


Dungeon Overview and Level Annotations

Branches:
Dungeon (15/15)            Temple (0/1) D:5            Lair (5/5) D:9
  Swamp (0/4) Lair:2        Snake (0/4) Lair:3        Slime (0/5) Lair:4
    Orc (2/2) D:9             Elf (0/3) Orc:2        Vaults (0/5) D:13
 Depths (3/4) D:15         Bailey (visited)         Gauntlet (visited)

Altars:
Ashenzari
Elyvilon
Gozag
Okawaru
Vehumet
Xom
Zin

Shops:
D:12 :   Orc:2 *:[(   Depths:1 =::

Portals:
Hell: Depths:1 Depths:2 Depths:3
Abyss: Depths:3
Pandemonium: Depths:2
Ziggurat: Depths:1

Annotations:
D:3 1 runed translucent door, relicbr's ghost, amateur SpDe
Lair:2 exclusion: oklob plant
Orc:1 2 transporters, NeonRainbow's ghost, journeyman MeNe
Depths:1 1 runed translucent door


Message History

The blast of cold misses you.
You hear a deafening roar!
You closely miss the ice dragon.
The ice dragon is lightly wounded.
The ice dragon breathes frost at you. The blast of cold hits you!
You barely miss the ice dragon.
The ice dragon is lightly wounded.
You hit the ice dragon but do no damage.
The ice dragon is lightly wounded.
You block the ice dragon's attack. x3
You hit the ice dragon.
The ice dragon is moderately wounded.
You barely miss the ice dragon.
The ice dragon is moderately wounded.
A golden dragon comes into view.
The ice dragon bites you but does no damage.
The ice dragon claws you but does no damage.
You block the ice dragon's attack.
You hit the ice dragon but do no damage.
The ice dragon is moderately wounded.
The ice dragon breathes frost at you. The blast of cold hits you!!!
You hit the ice dragon.
You feel better.
The ice dragon is moderately wounded.
You hit the ice dragon.
You feel better.
The ice dragon is moderately wounded.
The ice dragon closely misses you. The ice dragon misses you.
You block the ice dragon's attack. The golden dragon breathes cold at you.
The bolt of cold hits the ice dragon!
The ice dragon resists.
The bolt of cold hits you!! The ice dragon breathes frost at you.
The blast of cold hits you!!!
* * * LOW HITPOINT WARNING * * *
The ice dragon breathes frost at you. The blast of cold misses you.
The golden dragon breathes cold at you. The bolt of cold hits you!!
You die...

...........
..
...........
.#
...........
###.######
...........
#.....D....
....#######
#.#D####...
..†.#
#D#.###...
....#
#.......#
....#
#.#.#..##
....#
#@#...##
....# #....##
....# ###...#
....# #.#..#
....#
#######'##..#
....#
#........#
... ....#
#o....)..#
... ....#
#...o....# ..
....#
#..o.....# .


You could see a golden dragon (catching breath) and an ice dragon (catching
breath).

Vanquished Creatures
  Gastronok (Lair:2)
  2 stone giants
  A very ugly thing (Depths:1)
  Azrael (D:14)
  An ettin (Depths:3)
  A fire dragon (Depths:2)
  An ice dragon (Depths:3)
  Erica (Lair:2)
  2 hydras
  2 two-headed ogres
  A centaur warrior (D:15)
  2 tengu warriors
  A boulder beetle (D:12)
  An iron troll (Depths:1)
  6 slime creatures
  A wizard (Depths:1)
  An orc knight (Orc:2)
  A cyclops (D:12)
  4 ugly things
  An orc sorcerer (Orc:2)
  6 elephants
  Maurice (D:8)
  A black mamba (Lair:4)
  2 gargoyles
  An orange demon (Depths:2)
  A kobold demonologist (D:10)
  8 cane toads
  2 centaur skeletons (D:13)
  3 unseen horrors (D:11)
  A yaktaur (D:13)
  An ice devil (Depths:2)
  6 komodo dragons
  2 freezing wraiths
  A red devil (Depths:2)
  A tyrant leech (Lair:5)
  3 trolls
  A hornet (Depths:1)
  Grinder (D:3)
  7 blink frogs
  A dream sheep (Lair:5)
  2 shadows (D:12)
  3 centaur simulacra (D:10)
  2 water elementals (D:15)
  A vampire (Bailey)
  5 wyverns
  A basilisk (Lair:2)
  2 hogs (D:13)
  5 vampire mosquitoes
  36 yaks
  A fire elemental (D:14)
  A steam dragon (D:9)
  An acid dragon (D:9)
  A swamp worm (Lair:2)
  4 water moccasins
  Duvessa (D:5)
  2 sky beasts
  2 orc warriors
  6 ice beasts
  3 black bears
  6 centaurs
  2 wolves (Lair:5)
  3 phantoms
  3 kobold brigands
  10 bullfrogs
  A gnoll sergeant (D:13)
  4 scorpions
  Dowan (D:5)
  5 wights (D:8)
  5 killer bees (Orc:1)
  2 electric eels
  2 howler monkeys
  7 wolf zombies (Bailey)
  7 vampire bats (Bailey)
  4 crimson imps (D:4)
  A bullfrog zombie (D:4)
  A jelly (D:5)
  5 orc priests
  2 hounds
  2 gnoll boudas
  2 iguanas
  5 sleepcaps
  Natasha (twice) (D:3)
  Ijyb (D:5)
  5 hell rats (Lair:4)
  12 orc wizards
  3 hound zombies (D:4)
  A hound skeleton (D:4)
  2 howler monkey zombies (D:4)
  Robin (D:4)
  13 gnolls
  4 river rats (Lair:4)
  11 adders
  A shadow imp (D:6)
  2 white imps
  An adder zombie (D:4)
  5 worms
  4 dart slugs
  36 orcs
  6 ball pythons
  6 endoplasms
  3 giant cockroaches
  20 goblins
  8 hobgoblins
  2 jackals (D:2)
  4 quokkas
  8 bats
  4 frilled lizards
  17 kobolds
  23 orc zombies (Bailey)
  12 rats
458 creatures vanquished.

Vanquished Creatures (collateral kills)
  Rupert (D:13)
  Jorgrun (D:13)
  A lich (Depths:3)
  A walking divine tome (Depths:2)
  Kirke (D:13)
  A fire giant (Depths:2)
  4 frost giants
  An orc warlord (Orc:2)
  4 stone giants
  10 very ugly things
  2 ettins
  5 fire dragons
  Fannar (Lair:2)
  2 rakshasas
  3 ice dragons
  Harold (Orc:1)
  5 hydras
  An ogre mage (D:15)
  A spriggan air mage (Depths:1)
  A two-headed ogre (shapeshifter) (D:13)
  4 two-headed ogres
  A centaur warrior (D:13)
  4 deep troll earth magi
  4 boulder beetles
  3 orc high priests (Orc:2)
  4 spriggan berserkers
  4 deep troll shamans
  Urug (D:13)
  6 tengu warriors
  4 skysharks
  6 iron trolls
  A salamander mystic (Depths:2)
  A goliath frog (Lair:5)
  A skeletal warrior (D:13)
  2 glowing orange brains
  5 deep trolls
  A shadow demon (Depths:2)
  4 orc knights
  A necromancer (D:15)
  3 flayed ghosts
  A deep elf archer (D:13)
  3 wizards
  18 ugly things
  2 salamanders (Depths:2)
  2 orc sorcerers (Orc:2)
  A manticore (shapeshifter) (D:13)
  5 elephants
  A black mamba (Lair:3)
  2 manticores
  A smoke demon (Depths:2)
  2 orange demons (Depths:2)
  A guardian serpent (Lair:3)
  A torpor snail (Lair:5)
  Maggie (Lair:2)
  3 efreet
  2 kobold demonologists (D:10)
  15 cane toads
  3 yaktaurs (D:13)
  An unseen horror (D:12)
  2 centaur skeletons (D:13)
  3 komodo dragons
  2 tengu conjurers
  7 trolls
  A red devil (Depths:2)
  A queen bee (Orc:1)
  A hellwing (Depths:2)
  3 polar bears
  A tyrant leech (Lair:5)
  A merfolk (shapeshifter) (Depths:2)
  5 dream sheep (Lair:5)
  14 blink frogs
  A blink frog (shapeshifter) (D:15)
  9 slime creatures
  A centaur simulacrum (D:15)
  A vampire (D:9)
  A spriggan (Depths:1)
  A wraith (D:13)
  2 water elementals
  4 basilisks
  A hog (D:13)
  28 yaks
  2 fire elementals (D:14)
  2 chaos spawn (Depths:2)
  11 vampire mosquitoes
  2 wargs (Orc:2)
  10 water moccasins
  3 hell hounds (D:14)
  A floating eye (Depths:2)
  10 orc warriors
  A black bear (D:9)
  4 wolves (Lair:5)
  2 centaurs
  7 ogres
  A kobold brigand (D:11)
  10 bullfrogs
  20 killer bees (Orc:1)
  An electric eel (Lair:5)
  2 orc priests
  7 hell rats (Lair:4)
  2 orc wizards
  7 gnolls
  2 river rats (Lair:4)
  7 orcs
  7 kobolds
383 creatures vanquished.

Vanquished Creatures (others)
  An orc warlord (Depths:2)
  3 orc knights
  An orc sorcerer (Depths:1)
  11 orc warriors
  A human (D:13)
  2 orc priests
  10 orc wizards
  29 orcs
  A goblin (D:4)
  A quokka (D:4)
  2 demonic plants (Gauntlet)
  50 fungi
  121 plants
  3 withered plants (D:4)
236 creatures vanquished.

Grand Total: 1077 creatures vanquished

Notes
Turn   | Place    | Note
-------+----------+-------------------------------------------
     0 | D:1      | jimonade the Hill Orc Fighter began the quest for the Orb.
     0 | D:1      | Reached XP level 1. HP: 19/19 MP: 1/1
    80 | D:1      | Reached XP level 2. HP: 26/27 MP: 2/2
   272 | D:1      | Reached XP level 3. HP: 33/33 MP: 3/3
   788 | D:2      | Found a faded altar of an unknown god.
   884 | D:2      | Reached skill level 1 in Invocations
  1044 | D:2      | Reached XP level 4. HP: 40/40 MP: 4/4
  1287 | D:3      | Identified the +3 pair of boots of Truth {rElec Will+}
  1317 | D:3      | Noticed Grinder
  1422 | D:3      | Found a glowing silver altar of Zin.
  1952 | D:3      | Found a runed translucent door.
  1954 | D:3      | Noticed relicbr's ghost (amateur SpDe)
  2095 | D:3      | Noticed Natasha
  2110 | D:3      | Reached skill level 2 in Invocations
  2110 | D:3      | Reached XP level 5. HP: 41/46 MP: 6/6
  2130 | D:3      | Killed Natasha
  2374 | D:3      | Noticed Natasha
  2381 | D:3      | Killed Natasha
  2435 | D:3      | Killed Grinder
  2436 | D:3      | Reached skill level 5 in Axes
  2436 | D:3      | Reached skill level 3 in Invocations
  2436 | D:3      | Reached XP level 6. HP: 43/53 MP: 6/8
  2586 | D:4      | Noticed Robin
  2617 | D:4      | Killed Robin
  2733 | D:4      | Found a shimmering altar of Xom.
  2741 | D:4      | Reached XP level 7. HP: 60/60 MP: 9/9
  2748 | D:4      | Reached skill level 1 in Polearms
  2798 | D:4      | Reached skill level 1 in Dodging
  2878 | D:4      | Reached skill level 4 in Invocations
  2993 | D:4      | Reached skill level 5 in Armour
  3000 | D:4      | Reached skill level 5 in Fighting
  3000 | D:4      | Reached skill level 1 in Maces & Flails
  3056 | D:4      | Found a white marble altar of Elyvilon.
  3212 | D:4      | Reached XP level 8. HP: 68/68 MP: 11/11
  3331 | D:4      | Reached skill level 5 in Invocations
  3499 | D:5      | Entered Level 5 of the Dungeon
  3531 | D:5      | Found a radiant altar of Vehumet.
  3537 | D:5      | Found an iron altar of Okawaru.
  3540 | D:5      | Noticed a wyvern
  3559 | D:5      | Killed a wyvern
  4068 | D:5      | Found a staircase to the Ecumenical Temple.
  4372 | D:5      | Found an opulent altar of Gozag.
  4415 | D:5      | Noticed Ijyb
  4429 | D:5      | Killed Ijyb
  4475 | D:5      | Noticed Duvessa
  4475 | D:5      | Noticed Dowan
  4488 | D:5      | Killed Duvessa
  4489 | D:5      | Reached skill level 6 in Invocations
  4489 | D:5      | Reached XP level 9. HP: 64/75 MP: 13/13
  4509 | D:5      | Killed Dowan
  4773 | D:5      | Reached skill level 5 in Polearms
  5843 | D:6      | Reached skill level 7 in Invocations
  6185 | D:7      | Became a worshipper of Beogh the Brigand
  6212 | D:7      | Found a flagged portal.
  6246 | Bailey   | Entered a bailey
  6539 | Bailey   | Reached skill level 5 in Shields
  6544 | Bailey   | Reached * piety under Beogh
  6695 | Bailey   | Reached XP level 10. HP: 84/86 MP: 15/15
  6743 | Bailey   | Identified the +2 ring mail "Sij Imy" {+Blink rPois rC+
                  | Str-5 SInv}
  6902 | Bailey   | HP: 1/86 [vampire/+2 vampiric halberd (6)]
  6905 | Bailey   | Reached skill level 8 in Invocations
  7172 | Bailey   | Identified the +1 cloak of Xasutainu {rElec rPois Int+3
                  | Dex+2}
  7178 | Bailey   | Got the Lectures on the Doomed Wendigo
  7180 | Bailey   | Identified the +3 ring mail of the Yeti {rPois rN+ MP-9
                  | Dex+2}
  7238 | Bailey   | Noticed a gargoyle
  7256 | Bailey   | Killed a gargoyle
  7509 | D:7      | Reached ** piety under Beogh
  8095 | D:8      | Noticed Maurice
  8124 | D:8      | Killed Maurice
  8756 | D:8      | Reached skill level 9 in Invocations
  8799 | D:8      | Reached skill level 1 in Throwing
  9083 | D:9      | Reached *** piety under Beogh
  9105 | D:9      | Noticed an elephant
  9117 | D:8      | Reached XP level 11. HP: 74/94 MP: 8/17
  9284 | D:9      | Found a staircase to the Lair.
  9652 | D:9      | Found a staircase to the Orcish Mines.
 10083 | D:9      | Gained Learuk as an ally
 10133 | D:9      | Reached skill level 10 in Polearms
 10133 | D:9      | Reached skill level 10 in Invocations
 10296 | D:10     | Entered Level 10 of the Dungeon
 10412 | D:10     | Reached **** piety under Beogh
 10432 | D:10     | Noticed a soul eater
 10638 | D:10     | Noticed a two-headed ogre
 10656 | D:10     | Killed a two-headed ogre
 10831 | D:10     | Your ally Learuk died
 11034 | D:10     | Got the +1 broad axe "Toesum" {freeze, rN+ rCorr Int+3
                  | Dex+4}
 11137 | D:11     | Found a gate leading to a gauntlet.
 11148 | Gauntlet | Entered a Gauntlet
 11148 | Gauntlet | Noticed a worldbinder
 11148 | Gauntlet | Found a transporter.
 11172 | Gauntlet | Found a transporter.
 11177 | Gauntlet | Found a transporter.
 11185 | Gauntlet | Found a transporter.
 11190 | Gauntlet | Found a transporter.
 11195 | Gauntlet | Noticed a reaper
 11198 | Gauntlet | Found a transporter.
 11201 | Gauntlet | Found a transporter.
 11339 | D:11     | Found a broken altar of Ashenzari.
 11419 | D:11     | Reached skill level 1 in Stealth
 11571 | D:11     | Reached XP level 12. HP: 98/104 MP: 11/20
 11824 | D:11     | Reached skill level 11 in Invocations
 12207 | Lair:1   | Entered Level 1 of the Lair of Beasts
 12276 | Lair:1   | Gained Dorog as an ally
 12293 | Lair:1   | Reached ***** piety under Beogh
 13414 | Lair:2   | Noticed a seven-headed hydra
 13430 | Lair:2   | Killed a six-headed hydra
 13868 | Lair:2   | Noticed Gastronok
 13902 | Lair:2   | Killed Gastronok
 13903 | Lair:2   | Reached skill level 10 in Fighting
 13948 | Lair:2   | Noticed Erica
 13969 | Lair:2   | Killed Erica
 14029 | Lair:2   | Reached skill level 12 in Invocations
 14126 | Lair:2   | Noticed Fannar
 14150 | Lair:2   | Killed Fannar
 14208 | Lair:2   | Noticed Maggie
 14217 | Lair:2   | Killed Maggie
 14288 | Lair:2   | Noticed a four-headed hydra
 14294 | Lair:2   | Killed a four-headed hydra
 14294 | Lair:2   | Noticed a four-headed hydra
 14305 | Lair:2   | Killed a four-headed hydra
 14306 | Lair:2   | Reached XP level 13. HP: 114/114 MP: 13/22
 14317 | Lair:2   | Found a staircase to the Swamp.
 14652 | Lair:2   | Your ally Dorog died
 15239 | Lair:2   | Found a staircase to the Swamp.
 15292 | Lair:2   | Reached skill level 5 in Dodging
 16217 | Lair:3   | Found a staircase to the Snake Pit.
 16626 | Lair:3   | Identified the +1 trident "Boritoca" {heavy, Fly rN+ Str-4
                  | Dex+2}
 17341 | Lair:4   | Gained Wulfoc as an ally
 17350 | Lair:4   | Reached skill level 13 in Invocations
 17919 | Lair:4   | Identified the +3 double sword of Past Mistakes {pain, rC+
                  | Dex+5}
 18829 | Lair:4   | Found a staircase to the Slime Pits.
 18992 | Lair:5   | Entered Level 5 of the Lair of Beasts
 19344 | Lair:5   | Reached ****** piety under Beogh
 19358 | Lair:5   | Gained Ugbert as an ally
 19602 | Lair:5   | Reached XP level 14. HP: 125/125 MP: 15/24
 19724 | Lair:5   | Reached skill level 14 in Invocations
 20887 | D:12     | Found Isucitsi's Self-Improvement Boutique.
 21429 | D:13     | Reached skill level 10 in Armour
 21727 | D:13     | Noticed Rupert
 21739 | D:13     | Killed Rupert
 21770 | D:13     | Noticed Urug
 21779 | D:13     | Killed Urug
 21983 | D:13     | Noticed Kirke
 21996 | D:13     | Killed Kirke
 22311 | D:13     | Found a gate to the Vaults.
 22388 | D:13     | Noticed Jorgrun
 22400 | D:13     | Killed Jorgrun
 22401 | D:13     | Reached skill level 10 in Shields
 23216 | D:14     | Reached skill level 15 in Invocations
 23317 | D:14     | Noticed Azrael
 23327 | D:14     | Killed Azrael
 23561 | D:15     | Entered Level 15 of the Dungeon
 23572 | D:15     | Found a staircase to the Depths.
 23712 | D:15     | Reached XP level 15. HP: 106/136 MP: 26/26
 24124 | D:15     | Found a radiant altar of Vehumet.
 24865 | Orc:1    | Entered Level 1 of the Orcish Mines
 24898 | Orc:1    | Noticed NeonRainbow's ghost (journeyman MeNe)
 24918 | Orc:1    | Found a transporter.
 25069 | Orc:1    | Found a transporter.
 25073 | Orc:1    | Noticed Harold
 25082 | Orc:1    | Killed Harold
 25215 | Orc:2    | Entered Level 2 of the Orcish Mines
 25224 | Orc:2    | Found a staircase to the Elven Halls.
 25227 | Orc:2    | Found Daqiec's General Store.
 25287 | Orc:2    | Noticed an orc warlord
 25289 | Orc:2    | Found Kisoeshrigg's Antique Armour Shoppe.
 25293 | Orc:2    | Killed an orc warlord
 25400 | Orc:2    | Found Oddiosyo's Antique Weapon Shoppe.
 25468 | Orc:2    | Found Hioheg's Book Boutique.
 26569 | Depths:1 | Entered Level 1 of the Depths
 26574 | Depths:1 | Identified the +6 scale mail of Uloogon {*Corrode +Blink
                  | rElec rPois}
 26619 | Depths:1 | Found a one-way gateway to a ziggurat.
 26660 | Depths:1 | Found a gateway to Hell.
 26816 | Depths:1 | Noticed a frost giant
 26822 | Depths:1 | Killed a frost giant
 27346 | Depths:1 | Reached skill level 16 in Invocations
 27361 | Depths:1 | Gained Wargath as an ally
 27706 | Depths:1 | Noticed a frost giant
 27715 | Depths:1 | Killed a frost giant
 27949 | Depths:1 | Found Piul's Book Boutique.
 27995 | Depths:1 | Found a runed translucent door.
 28198 | Depths:1 | Found Atical's Jewellery Emporium.
 28199 | Depths:1 | Found Vulyareu's Book Boutique.
 29098 | Depths:2 | Found a one-way gate leading to the halls of Pandemonium.
 29192 | Depths:2 | Your ally Ugbert died
 29528 | Depths:2 | Reached XP level 16. HP: 124/146 MP: 28/28
 30144 | Depths:2 | Noticed a walking divine tome
 30146 | Depths:2 | Reached skill level 17 in Invocations
 30156 | Depths:2 | Killed a walking divine tome
 30790 | Depths:3 | Reached skill level 1 in Evocations
 31046 | Depths:3 | Identified the ring of Gozag's Favour {rC+ Str+2 Dex+4}
 31079 | Depths:3 | Found an iron altar of Okawaru.
 31445 | Depths:3 | Noticed a lich
 31471 | Depths:3 | Killed a lich
 31540 | Depths:3 | Found a one-way gate to the infinite horrors of the Abyss.
 31680 | Depths:3 | Noticed a golden dragon
 31685 | Depths:3 | HP: 6/147 [ice dragon/blast of cold (44)]
 31688 | Depths:3 | Killed from afar by a golden dragon

Illustrated notes

Levels and vault maps discovered:
D:1:      denvon_arrival_waterhouse, layout_basic
D:2:      layout_loops_ring, hellmonk_ecumenical_altar_leap_of_faith
D:3:      minmay_octagon_keep, layout_loops_ring, mainiacjoe_overflow_paths,
          ebering_ghost_reflecting_pool, dk_noncrumbling_3, uniq_natasha,
          uniq_grinder
D:4:      layout_basic, led_xom_imps, elyvilon_altar_4, serial_undead,
          serial_undead_b, serial_undead_c, serial_undead_a, serial_undead_f,
          uniq_robin
D:5:      layout_basic, nicolae_gozag_seed_capital,
          mainiacjoe_overflow_large_starburst, minmay_temple_entry_purple_smoke,
          nicolae_goblin_pals, uniq_duvessa
D:6:      layout_basic, nrook_pool_corridor, dreamdust_princess_bridge,
          minmay_chambers_of_fives
D:7:      layout_loops_ring, enter_bailey_2, minmay_statues_item
D:8:      layout_basic, kennysheep_generic_room_7, uniq_maurice
D:9:      layout_rooms, david_lair_generic, hiddenorc1_lemuel, serial_glass,
          glass_columns_b, glass_columns_b
D:10:     minmay_coctagon, layout_rooms, serial_bayou_ford_a
D:11:     layout_basic, gauntlet_entry_generic, nicolae_ashenzari_panopticon
D:12:     layout_loops_ring, nicolae_shop_self_help
D:13:     layout_basic, hangedman_vaults_entry_quadrant_bands, uniq_rupert,
          uniq_urug, uniq_jorgrun, uniq_kirke
D:14:     layout_basic, hangedman_glass_teeth, uniq_azrael
D:15:     hangedman_depths_entry_civil_slaughter, layout_basic,
          fiery_altar_vehumet, serial_bayou_lagoon_b
Lair:1:   layout_hall_layers
Lair:2:   wander_river, layout_chaotic_city, palyth_hydra_swamp_entry,
          minivault_25, beast_lair_carwin_11, uniq_fannar, uniq_maggie,
          uniq_erica, uniq_gastronok
Lair:3:   layout_small_grid, minmay_snake_entry_spellcaster,
          infiniplex_staircase_pool
Lair:4:   layout_cave_pods, slime_entry_1, st_stairs_7,
          kennysheep_abandoned_house, grunt_megastairs_2, lemuel_fruit_tree
Lair:5:   minmay_lair_end_frog_pond, layout_regular_city, serial_bayou_crossing
Orc:1:    layout_diamond_mine, gammafunk_ghost_berserking_beasts, special_room
          [special_room_bee], uniq_harold
Orc:2:    grunt_orc_gardens, layout_caves, grunt_orc_garden, grunt_orc_garden,
          grunt_orc_garden, grunt_orc_garden
Depths:1: layout_gridlike, enter_ziggurat_c, minmay_misc_feat_encased,
          pf_coc_iceberg, lightli_giant_bouncers, serial_bayou_shore_b,
          grunt_megastairs_5, minmay_shop_grove
Depths:2: minmay_open_boxes_in_corner, layout_cave_pools,
          grunt_pan_entry_zigzag, hell_entry, infiniplex_staircase_x
Depths:3: minmay_inside_and_out, layout_gridlike, okawaru_trees_1, hell_entry,
          abyss_entry, infiniplex_staircase_zigzag_2

Skill      XL: |  1  2  3  4  5  6  7  8  9 10 11 12 13 14 15 16 |
---------------+-------------------------------------------------+-----
Axes           | 3 4 5 6 |  6.1
Invocations    | 1 2 3 4 6 7 9 10 12 13 15 16 17 | 17.2
Fighting       | 4 5 6 7 8 9 10 11 13 14 | 14.4
Armour         | 4 5 6 7 8 9 11 12 13 | 13.4
Shields        | 4 5 6 7 8 10 11 | 11.2
Polearms       | 3 4 7 9 11 12 13 14 | 14.9
Dodging        | 1 2 3 4 6 |  6.5
Maces & Flails | 1 2 3 |  3.0
Throwing       | 1 |  1.0
Stealth        | 1 2 3 4 |  4.9
Evocations     | 1 |  1.5

Action                     |  1- 3 |  4- 6 |  7- 9 | 10-12 | 13-15 | 16-18 || total
---------------------------+-------+-------+-------+-------+-------+-------++-------
  Melee: War axe           |    92 |   120 |       |       |       |       ||   212
         Spear             |       |    56 |   477 |   996 |  1096 |   150 ||  2775
         Whip              |       |       |    75 |    23 |       |       ||    98
         Halberd           |       |       |       |       |   111 |       ||   111
  Throw: Dart              |       |       |       |     9 |     1 |       ||    10
 Invoke: Convert to Beogh  |       |       |     1 |       |       |       ||     1
         Recall Orcish Fol |       |       |       |     2 |    44 |     6 ||    52
         Give Item to Name |       |       |       |     1 |     4 |       ||     5
         Resurrection      |       |       |       |       |     1 |       ||     1
  Evoke: Wand              |       |       |       |     3 |       |       ||     3
    Use: Scroll            |       |       |    15 |    14 |     2 |       ||    31
         Potion            |       |       |       |     2 |       |     1 ||     3
   Stab: Distracted        |       |       |       |     6 |    12 |     2 ||    20
         Sleeping          |       |       |       |       |     2 |       ||     2
 Armour: Scale mail        |    44 |    23 |       |       |       |       ||    67
         Chain mail        |       |    74 |   252 |     6 |       |       ||   332
         Ring mail         |       |       |       |   204 |   131 |       ||   335
         Crystal plate arm |       |       |       |       |   179 |    39 ||   218
  Dodge: Dodged            |    36 |   102 |   148 |   415 |   474 |    34 ||  1209
  Block: Buckler           |    26 |    48 |    89 |   163 |   194 |       ||   520
         Other             |       |       |       |       |    15 |       ||    15
         Reflection        |       |       |       |       |     5 |     3 ||     8
         Kite shield       |       |       |       |       |     4 |    73 ||    77

Table legend: (Time is in decaauts)
 A = Elapsed time spent in this place.
 B = Non-inter-level travel time spent in this place.
 C = Inter-level travel time spent in this place.
 D = Time resting spent in this place.
 E = Time spent auto-exploring this place.
 F = Levels seen in this place.
 G = Mean time per level.
                   A        B        C        D        E       F      G
               +--------+--------+--------+--------+--------+-----+--------+
         Total |  30669 |  28648 |   2021 |   5692 |  12262 |  27 | 1135.9 |
       Dungeon |  15608 |  14180 |   1428 |   1866 |   7146 |  15 | 1040.5 |
          Lair |   7763 |   7451 |    312 |   1897 |   3322 |   5 | 1552.6 |
  Orcish Mines |   1177 |   1069 |    108 |      0 |    799 |   2 |  588.5 |
        Depths |   4956 |   4784 |    172 |   1540 |    941 |   3 | 1652.0 |
        Bailey |   1067 |   1067 |      0 |    382 |     54 |   1 | 1067.0 |
      Gauntlet |     95 |     95 |      0 |      7 |      0 |   1 |   95.0 |
               +--------+--------+--------+--------+--------+-----+--------+

Top non-repeatable levels by time:
Depths:1: 2311 daAuts
  Lair:2: 1866 daAuts
  Lair:1: 1657 daAuts
Depths:2: 1618 daAuts
  Lair:4: 1532 daAuts
  Lair:3: 1527 daAuts
     D:5: 1399 daAuts
     D:3: 1329 daAuts
    D:13: 1306 daAuts
     D:9: 1254 daAuts
    D:15: 1180 daAuts
  Lair:5: 1179 daAuts
     D:6: 1131 daAuts
  Bailey: 1067 daAuts
     D:4: 1065 daAuts
